Cogmind - Beta 16 @@@ ROGUE MODE // 2025.11.22 @ 23:39:28 Player: Wesmed Result: Self-destructed Performance ------------- Evolutions (2) 1000 Regions Visited (3) 600 Robots Destroyed (20) 100 Value Destroyed (564) 564 Prototype IDs (0) 0 Alien Tech Used (0) 0 Bonus (0) 0 TOTAL SCORE: 2264 Bonus ------- None Cogmind --------- Core Integrity 182/550 Matter 240/300 Energy 100/100 System Corruption 0% Temperature Cool (0) Movement Walking (260) Ox2 Location -8/Materials Parts ------- > --- POWER (1) -------- (None) > --- PROPULSION (3) --- Aluminum Leg Aluminum Leg Subdweller Monowheel > --- UTILITY (5) ------ Improved Heat Sink High-capacity Storage Unit > --- WEAPON (2) ------- Beam Cannon Assault Rifle > --- INVENTORY (20) --- Improved Heat Sink EM Pulse Gun Salvaging Laser Assault Rifle Assault Rifle Advanced EMP Blaster Grenade Launcher Subdweller Shrapnel Launcher Peak State ------------ > --- POWER ------------ Makeshift Power Source > --- PROPULSION ------- Compact Wheel Subdweller Monowheel > --- UTILITY ---------- High-capacity Storage Unit Heavy Armor Plating Heavy Armor Plating > --- WEAPON ----------- Beam Cannon Light Assault Rifle > --- INVENTORY -------- Light Ion Engine Subdweller Power Source Improved Heat Sink Improved Heat Sink Improved Heat Sink EM Pulse Gun Salvaging Laser Particle Gun Beam Cannon Assault Rifle Assault Rifle Assault Rifle Advanced EMP Blaster Grenade Launcher Subdweller Shrapnel Launcher [Rating: 24] Favorites ----------- Power Ion Engine Engine Ion Engine Propulsion Wheel Leg Aluminum Leg Wheel Wheel Utility Terrain Scanner Device Terrain Scanner Storage Large Storage Unit Protection Heavy Armor Plating Weapon Light Assault Rifle Energy Gun Particle Gun Energy Cannon Beam Cannon Ballistic Gun Light Assault Rifle Build | -11 -10 -10 -8 ------- Run | Yrd Mat Sub Mat Slots Evolved 4 | . . . 4 Power . | . . . . Propulsion 1 | . . . 1 Utility 3 | . . . 3 Weapon . | . . . . Parts Attached 22 | 5 2 3 12 Power 4 | 1 . 1 2 Engine 4 | 1 . 1 2 Core . | . . . . Reactor . | . . . . Propulsion 5 | 2 . 1 2 Treads . | . . . . Leg 2 | . . . 2 Wheel 3 | 2 . 1 . Hover . | . . . . Flight . | . . . . Utility 7 | . 2 . 5 Device 3 | . 1 . 2 Storage 2 | . 1 . 1 Processor . | . . . . Hackware . | . . . . Protection 2 | . . . 2 Artifact . | . . . . Weapon 6 | 2 . 1 3 Energy Gun 1 | . . . 1 Energy Cannon 2 | . . 1 1 Ballistic Gun 3 | 2 . . 1 Ballistic Cannon . | . . . . Launcher . | . . . . Special Weapon . | . . . . Impact Weapon . | . . . . Slashing Weapon . | . . . . Piercing Weapon . | . . . . Special Melee Weapon . | . . . . Unidentified Prototypes . | . . . . Parts Lost 13 | . . 1 12 Power 3 | . . . 3 Propulsion 2 | . . . 2 Utility 4 | . . . 4 Weapon 4 | . . 1 3 Highest Loss Streak 6 | . . 1 6 To Critical Strikes . | . . . . Average Backups 11 | 1 5 12 13 Power 1 | . 1 1 1 Propulsion . | . . . . Utility 1 | . . 2 2 Weapon 7 | . 3 7 9 Tool/Special . | . . . . Unused Backups 9 | . 1 . 8 Power . | . . . . Propulsion . | . . . . Utility 2 | . 1 . 1 Weapon 7 | . . . 7 Tool/Special . | . . . . Average Slot Usage (%) 85 | . 85 100 64 Engine 11 | . 14 14 7 Wheel 24 | . 28 28 16 Device 11 | . 6 14 9 Storage 11 | . 7 14 9 Energy Cannon 3 | . . 2 7 Ballistic Gun 20 | . 28 25 8 Peak Build Rating 24 | 5 7 13 24 Average Rating 10 | 4 6 9 14 On Entrance 6 | . 5 7 13 Avg Prop Armor Cover (%) 4 | . . 5 4 Naked Turns . | . . . . Heaviest Build 78 | 8 29 30 78 Greatest Support 46 | 26 26 26 46 Greatest Overweight (x) 4 | 1 1 2 4 Average Overweight (x) 1 | . . 1 1 Largest Inventory Capacity 20 | 5 15 15 20 Average Capacity 15 | 5 10 15 18 Most Carried 16 | 3 7 15 16 Average Carried 11 | 1 5 12 13 Final Capacity 20 | 5 15 15 20 Final Carried 15 | 3 7 15 8 Class Distribution -------------------- 95% | Mutant 4% | Scavenger-Mutant Dominant Class ---------------- Mutant | -10/Materials Mutant | -10/Subcaves Mutant | -8/Materials Resources | -11 -10 -10 -8 ----------- Run | Yrd Mat Sub Mat Matter Collected 432 | 246 4 92 90 Remotely . | . . . . Salvage Created 698 | . . 130 568 Parts 43 | . . 6 37 Haulers Intercepted 1 | . . . 1 Recyclers Shooed . | . . . . Parts Field Recycled . | . . . . Retrieved Matter . | . . . . Parts Self-Destructed 17 | . . 17 . Prevented . | . . . . Parts Restored . | . . . . Kills | -11 -10 -10 -8 ------- Run | Yrd Mat Sub Mat Combat Hostiles Destroyed 17 | . . 2 15 Guns 11 | . . 1 10 Cannons 6 | . . 1 5 Classes Destroyed 5 | . . 3 2 Hauler 1 | . . . 1 Turret 2 | . . 2 . Swarmer 8 | . . 1 7 Grunt 7 | . . 1 6 Sentry 2 | . . . 2 Best Kill Streak 15 | . . 2 15 Combat Bots Only 15 | . . 1 15 Max Kills in Single Turn 1 | . . 1 1 Gunslinging . | . . . . Exploded . | . . . . Melee . | . . . . Uniques/NPCs Destroyed . | . . . . Combat | -11 -10 -10 -8 -------- Run | Yrd Mat Sub Mat Hostile Shots Fired 240 | . 2 68 170 Missed 72 | . . 30 42 Hits 168 | . 2 38 128 Projectile 168 | . 2 38 128 Critical Strikes 4 | . . . 4 Damage Taken 1992 | . 22 264 1706 Core 429 | . 22 39 368 Absorbed by Shields . | . . . . Core Remaining (%) 87 | 100 . 75 . Volleys Fired 58 | . . 14 44 Largest 2 | . . 2 2 Hottest 85 | . . 80 85 Shots Fired 113 | . . 28 85 Gun 81 | . . 25 56 Cannon 32 | . . 3 29 Launcher . | . . . . Special . | . . . . Kinetic 67 | . . 25 42 Thermal 46 | . . 3 43 Explosive . | . . . . Electromagnetic . | . . . . Robot Hit Streak 14 | . . 4 14 Robot Miss Streak 3 | . . 3 3 Penetration Max . | . . . . Secondary Targets 1 | . . . 1 Max Gunslinging Chain 1 | . . . 1 Shots Hit Robots 77 | . . 15 62 Core Hits 41 | . . 9 32 Critical Kills . | . . . . Critical Parts Destroyed . | . . . . Critical Strikes . | . . . . Melee Attacks . | . . . . Impact . | . . . . Slashing . | . . . . Piercing . | . . . . Sneak Attacks . | . . . . Combat Hostiles . | . . . . Follow-up Attacks . | . . . . Damage Inflicted 1052 | . . 159 893 Guns 632 | . . 142 490 Cannons 420 | . . 17 403 Explosions . | . . . . Melee . | . . . . Ramming . | . . . . Kinetic 469 | . . 142 327 Thermal 583 | . . 17 566 Explosive . | . . . . Electromagnetic . | . . . . Impact . | . . . . Slashing . | . . . . Piercing . | . . . . Highest Corruption . | . . . . Average Corruption . | . . . . Corruption Purged . | . . . . Corruption Blocked . | . . . . Overload Shots . | . . . . Overflow Damage . | . . . . Projectiles . | . . . . Explosions . | . . . . Melee . | . . . . Knockbacks . | . . . . Impact . | . . . . Kinetic . | . . . . Secondary . | . . . . Self-Inflicted Damage . | . . . . Shots . | . . . . Rammed . | . . . . Targets Rammed . | . . . . Kicked . | . . . . Crushed . | . . . . Highest Temperature 461 | . . 9 461 Average Temperature 199 | . . 7 209 Received Heat Transfer 921 | . 12 207 702 Effects 1 | . . . 1 Damage (minor) 1 | . . . 1 Siege Activations . | . . . . Martial Activations . | . . . . Shielding Activations . | . . . . Robots Disrupted . | . . . . Combat Hostiles . | . . . . Robots Corrupted . | . . . . Combat Hostiles . | . . . . Parts Fried . | . . . . Impact Corruptions . | . . . . Robots Melted . | . . . . Combat Hostiles . | . . . . Parts Melted . | . . . . Heat Transferred 1295 | . . 37 1258 Parts Sabotaged . | . . . . Parts Stolen . | . . . . Parts Stripped . | . . . . Power Chain Reactions . | . . . . Alert | -11 -10 -10 -8 ------- Run | Yrd Mat Sub Mat Maximum Alert Level 1 | . . . 1 Low Security (%) 85 | 100 100 . 77 Level 1 14 | . . . 22 Level 2 . | . . . . Level 3 . | . . . . Level 4 . | . . . . Level 5 . | . . . . High Security . | . . . . Max Security . | . . . . Peak Influence 290 | . . . 290 Initial 27 | . . . 27 Average 54 | . . . 84 Influence Increases 617 | . . 120 497 Destroy 0b10 Robot/C 380 | . . 80 300 Destroy 0b10 Robot/NC 5 | . . . 5 Destroy Leader 82 | . . 10 72 Select Force Hacks 30 | . . . 30 Lose Combat Pursuer 120 | . . 30 90 Influence Decreases 355 | . . 66 289 Entered New Map 27 | . . . 27 Time Decay 218 | . . 56 162 Lost Part 110 | . . 10 100 Squads Dispatched 6 | . 1 . 5 Investigation 2 | . 1 . 1 Extermination . | . . . . Reinforcement 4 | . . . 4 Assault . | . . . . Garrison . | . . . . Intercept . | . . . . Searches Triggered . | . . . . Construction Impeded . | . . . . Haulers Reinforced . | . . . . Active Scanning Responses . | . . . . Cargo Convoy Interrupts . | . . . . Stealth | -11 -10 -10 -8 --------- Run | Yrd Mat Sub Mat Distress Signals 1 | . . . 1 Communications Jammed . | . . . . Distress Signals . | . . . . Times Spotted 41 | . 6 5 30 Peak Tracking Total 20 | . 4 3 20 Tactical Retreats 5 | . . 1 4 Traps | -11 -10 -10 -8 ------- Run | Yrd Mat Sub Mat Traps Triggered . | . . . . Indirectly . | . . . . Trap Hack Attempts . | . . . . Triggered . | . . . . Disarmed . | . . . . Reprogrammed . | . . . . Reused . | . . . . Traps Extracted . | . . . . Installed . | . . . . Triggered . | . . . . Machines | -11 -10 -10 -8 ---------- Run | Yrd Mat Sub Mat Machines Disabled 2 | . . 2 . Max in Single Turn 1 | . . 1 . Machines Repaired . | . . . . Machines Dismantled . | . . . . Machines Sabotaged . | . . . . Overloaded Fab Kills . | . . . . Hacking | -11 -10 -10 -8 --------- Run | Yrd Mat Sub Mat Machines Accessed 4 | . 2 . 2 Terminals 3 | . 2 . 1 Fabricators . | . . . . Repair Stations . | . . . . Recycling Units 1 | . . . 1 Scanalyzers . | . . . . Garrison Access . | . . . . Total Hacks 10 | . 7 . 3 Successful 3 | . 2 . 1 Failed 7 | . 5 . 2 Catastrophic 2 | . 1 . 1 Database Lockouts . | . . . . Manual 10 | . 7 . 3 Terminals 9 | . 7 . 2 Fabricators . | . . . . Repair Stations . | . . . . Recycling Units 1 | . . . 1 Scanalyzers . | . . . . Garrison Access . | . . . . Terminal Hacks 1 | . 1 . . Part Schematic 1 | . 1 . . Fabricator Hacks . | . . . . Repair Station Hacks . | . . . . Recycling Unit Hacks . | . . . . Scanalyzer . | . . . . Garrison Access Hacks . | . . . . Unauthorized Hacks 2 | . 1 . 1 Terminals 1 | . 1 . . Sabotage 1 | . 1 . . Fabricators . | . . . . Repair Stations . | . . . . Recycling Units 1 | . . . 1 Tunnel 1 | . . . 1 Scanalyzers . | . . . . Garrison Access . | . . . . Data Cores Recovered . | . . . . Used . | . . . . Hacking Detections 2 | . 1 . 1 Full Trace Events . | . . . . Feedback Events . | . . . . Feedback Blocked . | . . . . Robot Schematics Acquired . | . . . . Robots Built . | . . . . Authchips . | . . . . Time . | . . . . Total Robot Build Rating . | . . . . Part Schematics Acquired 1 | . 1 . . Parts Built . | . . . . Authchips . | . . . . Time . | . . . . Total Part Build Rating . | . . . . Part Studies Acquired . | . . . . Parts Repaired . | . . . . Time . | . . . . Parts Recycled . | . . . . Recycled Matter . | . . . . Retrieved Matter . | . . . . Retrieved Components . | . . . . Parts Scanalyzed . | . . . . Part Schematics Acquired . | . . . . Parts Damaged . | . . . . Bothacking | -11 -10 -10 -8 ------------ Run | Yrd Mat Sub Mat Used RIF Installer . | . . . . Robots Hacked . | . . . . Non-combat . | . . . . Combat . | . . . . Robot Hacks Applied . | . . . . Relay Couplers Released . | . . . . Fabnet Peak Effective % . | . . . . Robots Rewired . | . . . . Allies Hacked . | . . . . Hacks Repelled . | . . . . Allies | -11 -10 -10 -8 -------- Run | Yrd Mat Sub Mat Total Allies . | . . . . Largest Group . | . . . . Highest-Rated Group . | . . . . Highest-Rated Ally . | . . . . Total Orders . | . . . . Ally Attacks . | . . . . Total Damage . | . . . . Kills . | . . . . Allies Corrupted . | . . . . Allies Melted . | . . . . Intel | -11 -10 -10 -8 ------- Run | Yrd Mat Sub Mat Active Infowar (turns) 920 | . 75 636 209 Terrain 920 | . 75 636 209 Robot Analysis Total . | . . . . Derelict Logs Recovered 2 | . . 2 . Drone Launches . | . . . . Drone Recoveries . | . . . . Exploration | -11 -10 -10 -8 ------------- Run | Yrd Mat Sub Mat Turns Passed 1270 | 60 162 636 412 Spaces Moved 962 | 56 157 533 216 Core 5 | 5 . . . Treads . | . . . . Legs 9 | . . . 9 Wheels 948 | 51 157 533 207 Hover . | . . . . Flight . | . . . . Fastest Speed 50 | 50 90 105 109 Average Speed 109 | 88 97 109 123 Slowest Speed 400 | 100 105 110 400 Overloaded Moves . | . . . . Propulsion Burnouts . | . . . . Robots Hopped . | . . . . Potential Cave-ins . | . . . . Cave-ins Triggered . | . . . . Exploration Rate (%) 22 | 4 21 29 36 Regions Visited 3 Branch Regions 1 Pre-discovered Areas 2 | . . 1 1 Known Exits Taken . | . . . . Unknown Exits Taken 3 | 1 1 1 . Scrap Searched 2 | . . 2 . Spaces Dug . | . . . . Terrain Destroyed . | . . . . Melee . | . . . . Projectile . | . . . . AOE . | . . . . Terrain Rammed . | . . . . Walls Destroyed . | . . . . Machines Disabled . | . . . . Actions | -11 -10 -10 -8 --------- Run | Yrd Mat Sub Mat Total 1065 | 63 165 558 279 Wait 4 | . . . 4 Move 959 | 55 156 532 216 Hop . | . . . . Pick Up 18 | 3 6 8 1 Fast Attach 12 | 5 1 1 5 Attach 10 | . 1 1 8 Detach . | . . . . Swap 1 | . . 1 . Drop 3 | . 1 1 1 Fire 58 | . . 14 44 Melee . | . . . . Ram . | . . . . Kick . | . . . . Crush . | . . . . Escape Stasis . | . . . . Rewire . | . . . . Trap . | . . . . Miscellaneous . | . . . . Route ------- -11/Scrapyard -10/Materials -10/Subcaves (discovered 2 exits: *Mat / [*Rec]) -8/Materials History --------- Turn | Location | Event 25 | -11/Scrapyard | Discovered new exit (range 15) 61 | -11/Scrapyard | Entered Materials 61 | -10/Materials | Discovered new exit (range 10) 62 | -10/Materials | Met a group of wandering Federalists 223 | -10/Materials | Entered Subcaves 224 | -10/Subcaves | Continued accompanying wandering Federalists (5) 289 | -10/Subcaves | Learned location of Storage (-7) 302 | -10/Subcaves | Build established: Mutant 722 | -10/Subcaves | Discovered new exit (range 14) 798 | -10/Subcaves | Learned 4 Materials zone layouts 807 | -10/Subcaves | Discovered new exit (range 13) 859 | -10/Subcaves | Entered Materials 859 | -8/Materials | Evolved 4 slots: Propulsion x1, Utility x3 1187 | -8/Materials | Core integrity fell below 50% 1209 | -8/Materials | Lost 6 parts (1p1n2u2w) 1254 | -8/Materials | Destroyed 15 combat bots 1260 | -8/Materials | Lost 3 parts (1p1u1w) 1271 | -8/Materials | Self-destructed Last Messages --------------- 01220_ Particle Gun destroyed. 01220_ Critical hit (Burn: +37). 01220_ K-01 Serf collects debris. 01223_ Sub. Power Source destroyed. 01223_ K-01 Serf collects debris. 01229_ Imp. Heat Sink destroyed. 01230_ G-47 Trooper destroyed. 01230_ K-01 Serf collects debris. 01233_ G-47 Trooper destroyed. 01233_ K-01 Serf collects debris. 01237_ Acquired Aluminum Leg. 01238_ Critical hit (Burn: +37). 01238_ K-01 Serf collects debris. 01239_ Acquired 28 matter. 01243_ Acquired 41 matter. 01243_ K-01 Serf collects debris. 01251_ Acquired Aluminum Leg. 01252_ K-01 Serf collects debris. 01265_ Lgt. Ion Engine destroyed. 01267_ M-13 Machinist repairs G-47 Trooper. Map ----- +----------------------------------------------------+ | ??????????????????????? ?? | | ??????????????????????? ?? | | ???????????????????????##+####### """ ?? | | ???????????????????????# #?# """"" #?? | | ???????????????????????# #?# """"" #?? | | ???????????????????????# #?# """"" #?? | | ???????????????????????# #?# """ #?? | | ???????????????????????# #?# #?? | | ???????????????????????# #?# /?? | | ???????????????????????########?# """ #?? | | ???????????????????????#????????# """"" #?? | | ???????????????????????#????????# """"" #?? | | ????????????????????????????????# """"" #?? | | ????????????????????????????????# """ #?? | | ????????????????????????????????# ?? | | ????????????????????????????????# ?? | | ???????????????????????########## ######## ?? | | ??????????# """ #????# # #??????####?## | | ??????????# """ #????# """"" !# * #???? #? | | ??????????# #????# """""**#== #?? #? | | ?#####???## ###### """"%Y*#%!%# = #? | | ?# ""#???# ## # """"% %+%[=+ #? | | ?#""S#???## ## " # """""Y #**=# #? | | ##"" ###### ## T # """""! ##=##??????????? | | # ## " #g"""""g ## #????????????## | | # ## # @ gm ## #????????????# | | ####+##### ########### #????#####???# | | # ## ????????### ###? #???# | | # ###+########## #* #???# | | # # """?????# | | + T + """ ????# | | # % #??????????# | | # !###+########## #??????????# | | # # ????????### ###??????????## | | ######### ""??????????#%#???????????? | | #???????# ""? ????????# #???????????? " | | #???????# ""??????????# ############? " | | ##+##############?# ?????????# #? " | | ?# #??????# #?# ??????????# #? | | ?# #??????# #?#########???#??# ^ #? " | | ?# #??????# #?# #??????# +? " | | ?# #??????# #?# """ #??????# #? " | | ??????????# #?# """ !#####??### #### #??? | | ??????????# #?# """ # ######/###?? #??? | | ??????????# """ #??? # # #??? #?? | | ???????#??# """ ######+#### # #???? #?? | | ??????????# """ # ## # #??? ? ??? | | ??????????# """ # / # +?????????? | | ??????????# """ + ## # #?????????? | | ??????????# # ## # #?????????? | +----------------------------------------------------+ Best States ------------- Heat Dissipation 59 Energy Generation 15 Energy Capacity 250 Matter Stores 300 Matter Capacity 300 Sight Range 16 Terrain Scan Range 14 Terrain Scan Density 10 Armor Coverage 1200 Evasion (%) 42 Item Schematics ----------------- Hcp. Storage Unit | -10/Materials | Hacked Robot Schematics ------------------ None Fabricated ------------ Nothing Repaired ---------- Nothing Studied --------- None Alien Tech Used ----------------- None Achievements -------------- DATA ERROR: Steam Global Achievement% Ghost 'Em Hunted Organ Harvest Strength In Numbers There's More Where That Came From Challenges ------------ None Game ------ Seed BehemothVisualAxe Manual? 0 Play Time 00:19:02 Cumulative 38.0 hours Start 2025.11.22 @ 23:22:08 End 2025.11.22 @ 23:39:28 Sessions 1 Manual Loads 0 Difficulty Rogue Special Mode None Game No. 58 Rogue 50 Adventurer 8 Explorer 0 Win Type - Total 0 Types 0/0/0/0/0/0/0/0/0/0 Lore% 40 Gallery% 34 Achievement% 17 Wizard Run 0 Options --------- Layout 1 ASCII 0 Keyboard 0 Movement Arrows Keybinds 0 Fullscreen 1 Font 24/Smallcaps Map View 50x35 Zoom Use 0% Tactical HUD 1 Map Filters NONE Filters NONE Steam 1 RUN: dd9ca674-8e83-4a27-97b9-e658da69ed50